 Dungeon Crawl Stone Soup version 0.32-a0-520-g344ed53 (webtiles) character file.

Game seed: 11392966104131671797

10444 KillingMeSoftly the Fighter (level 11, -2/108 HPs)
             Began as a Minotaur Fighter on Feb 27, 2024.
             Was a Follower of Okawaru.
             Slain by a troll (7 damage)
             ... on level 11 of the Dungeon.
             The game lasted 00:15:00 (11804 turns).

KillingMeSoftly the Fighter (Minotaur Fighter)     Turns: 11804, Time: 00:15:00

Health: -2/108     AC:  8    Str: 25    XL:     11   Next: 36%
Magic:  6/11       EV: 11    Int:  5    God:    Okawaru [*.....]
Gold:   509        SH:  6    Dex: 10    Spells: 10/10 levels left

rFire   . . .        b - +4 trident (drain)
rCold   . . .        c - +0 buckler
rNeg    . . .        E - +0 steam dragon scales
rPois   +            (helmet restricted)
rElec   .            (no cloak)
rCorr   .            r - +0 pair of gloves
SInv    +            (no boots)
Will    .....        (no amulet)
Stlth   +            o - ring of poison resistance
HPRegen 0.38/turn    q - ring of see invisible
MPRegen 0.12/turn

%: no passive effects
@: no status effects
A: horns 2, retaliatory headbutt
a: Renounce Religion, Heroism


You were on level 11 of the Dungeon.
You worshipped Okawaru.
Okawaru was aware of your devotion.
You visited 2 branches of the dungeon, and saw 12 of its levels.

You collected 509 gold pieces.

Inventory:

Hand Weapons
 a - a +0 war axe
 b - a +4 trident of draining (weapon)
 t - the +4 dagger "Buirchoept" {elec, +Blink rElec rPois Int-5}
   (You found it on level 5 of the Dungeon)

   Int-5:     It affects your intelligence (-5).
   rElec:     It insulates you from electricity.
   rPois:     It protects you from poison +Blink: It lets you blink.
Missiles
 g - 4 boomerangs (quivered)
 C - 2 throwing nets
Armour
 c - a +0 buckler (worn)
 r - a +0 pair of gloves (worn)
 E - +0 steam dragon scales (worn)
Jewellery
 h - a ring of fire
 o - a ring of poison resistance (left hand)
 q - a ring of see invisible (right hand)
 u - a ring of wizardry
 v - a ring of fire
 H - a ring of magical power
Wands
 x - a wand of paralysis (7)
 G - a wand of polymorph (3)
 I - a wand of mindburst (9)
Scrolls
 e - 3 scrolls of revelation {unknown}
 f - 2 scrolls of poison {unknown}
 j - 3 scrolls of teleportation {unknown}
 l - 3 scrolls of noise {unknown}
 m - 4 scrolls of identify {unknown}
 n - 2 scrolls of vulnerability {unknown}
 p - 3 scrolls of enchant weapon {unknown}
 y - 2 scrolls of torment {unknown}
 A - a scroll of butterflies {unknown}
 F - a scroll of amnesia {unknown}
 K - a scroll of fog {unknown}
Potions
 d - a potion of might
 i - a potion of heal wounds {unknown}
 k - 4 potions of curing {unknown}
 s - 3 potions of haste {unknown}
 w - 3 potions of brilliance {unknown}
 z - a potion of degeneration {unknown}
 B - 2 potions of berserk rage {unknown}
 J - a potion of invisibility {unknown}


   Skills:
 * Level 13.9 Fighting
 + Level 9.9 Axes
 + Level 10.3 Armour
 + Level 10.2 Shields
 + Level 1.8 Invocations


You had 10 spell levels left.
You didn't know any spells.
Your spell library contained the following spells:

 Spells                   Type           Power      Damage    Failure   Level
 Apportation              Tloc           0%         N/A       52%         1
 Slow                     Hex            0%         N/A       52%         1
 Cigotuvi's Dreadful Rot  Necr/Alch/Air  0%         N/A       65%         2
 Jinxbite                 Hex            0%         N/A       65%         2
 Confusing Touch          Hex            0%         N/A       87%         3
 Inner Flame              Hex/Fire       0%         N/A       87%         3
 Ozocubu's Armour         Ice            0%         N/A       87%         3
 Sigil of Binding         Hex            0%         N/A       87%         3
 Vampiric Draining        Necr           0%         2d6       87%         3
 Brom's Barrelling Bould  Conj/Erth      0%         2d3       99%         4
 Flame Wave               Conj/Fire      0%         2d4       99%         4
 Ignite Poison            Fire/Alch      0%         N/A       99%         4
 Sticky Flame             Fire/Alch      0%         2d4       99%         4
 Alistair's Intoxication  Alch           0%         N/A       100%        5
 Fireball                 Conj/Fire      0%         3d3       100%        5
 Freezing Cloud           Conj/Ice/Air   0%         6-21      100%        5
 Irradiate                Conj/Alch      0%         3d11      100%        5
 Iskenderun's Battlesphe  Conj           0%         2d6       100%        5
 Metabolic Englaciation   Hex/Ice        0%         N/A       100%        5
 Yara's Violent Unravell  Hex/Alch       0%         3d3       100%        5
 Conjure Ball Lightning   Conj/Air       0%         3x3d6     100%        6
 Enfeeble                 Hex            0%         N/A       100%        7
 Orb of Destruction       Conj           0%         9d5       100%        7
 Ignition                 Fire           0%         3d3       100%        8
 Sculpt Simulacrum        Ice/Alch       Unusable   N/A       N/A         6

Dungeon Overview and Level Annotations

Branches:
Dungeon (11/15) Zot: 26182  Temple (1/1) D:6 Zot: 5998    Lair (0/5) D:11
    Orc: D:9-12

Altars:
Ashenzari
Cheibriados
Dithmenos
Elyvilon
Fedhas
Gozag
Hepliaklqana
Kikubaaqudgha
Makhleb
Nemelex Xobeh
Okawaru
Qazlal
Ru
Sif Muna
Trog
Uskayaw
Vehumet
Wu Jian
Xom
Yredelemnul
Zin
The Shining One

Shops:
D:11 [[(


Innate Abilities, Weirdness & Mutations

You have a pair of horns on your head.
You reflexively headbutt those who attack you in melee.


Message History

The troll is heavily wounded.
The troll bites you. You block the troll's attack.
The troll claws you but does no damage.
You take 1 HP, and have [36/108] HP You completely miss the troll.
The troll is moderately wounded.
You puncture the troll! Your headbutt misses the troll.
The troll is severely wounded.
The troll bites you.
* * * LOW HITPOINT WARNING * * *
The troll claws you but does no damage. The troll claws you.
* * * LOW HITPOINT WARNING * * *
You take 9 HP, and have [28/108] HP You barely miss the troll.
The troll is severely wounded.
The troll bites you but does no damage. The troll barely misses you.
You block the troll's attack.
You barely miss the troll.
The troll is severely wounded.
You block the troll's attack. The troll misses you.
The troll closely misses you.
You hit the troll.
The troll is almost dead.
The troll completely misses you. The troll claws you!
* * * LOW HITPOINT WARNING * * *
The troll claws you.
* * * LOW HITPOINT WARNING * * *
You take 14 HP, and have [15/108] HP You completely miss the troll.
The troll is almost dead.
The troll bites you.
* * * LOW HITPOINT WARNING * * *
The troll barely misses you. You block the troll's attack.
You take 2 HP, and have [13/108] HP You hit the troll.
You drain the troll.
The troll is almost dead.
The troll bites you!
* * * LOW HITPOINT WARNING * * *
The troll barely misses you. The troll claws you!
You die...

#.## # #. #..#
### #. ##.#
#.. #. #.##
### #. ##..# #
#. ##..## # #.
###...# #
#.#####...###
# #.T@....###
#
.......#######
#+.....
#......
#..$...
#+.....
.......
.......


You could see a troll (very drained).

Vanquished Creatures
  A two-headed ogre (D:10)
  A gargoyle (D:10)
  Jeremiah (D:7)
  A kobold demonologist (D:11)
  2 trolls
  Prince Ribbit (D:5)
  A vampire (D:7)
  2 shadows
  A fire bat (D:5)
  A wyvern (D:10)
  13 yaks (D:10)
  2 steam dragons
  2 chaos spawn (D:11)
  5 water moccasins
  3 sky beasts
  An orc warrior (D:10)
  4 black bears
  2 ogres (D:6)
  A centaur (D:9)
  13 kobold brigands
  7 bullfrogs
  A scorpion (D:7)
  12 wights
  15 killer bees
  3 howler monkeys
  2 bombardier beetles
  A jelly (D:5)
  5 hounds (D:5)
  4 orc priests
  2 gnoll boudas
  A sleepcap (D:5)
  Ijyb (D:3)
  6 iguanas
  7 orc wizards
  Robin (D:3)
  10 gnolls
  6 adders
  2 white imps
  4 ufetubi (D:6)
  5 dart slugs
  3 ribbon worms
  21 orcs
  8 bats
  7 endoplasms
  3 giant cockroaches
  5 goblins
  11 hobgoblins
  9 jackals
  5 quokkas
  4 ball pythons
  2 frilled lizards
  18 kobolds
  2 rats
  A butterfly (D:6)
252 creatures vanquished.

Notes
Turn   | Place    | Note
-------+----------+-------------------------------------------
     0 | D:1      | KillingMeSoftly the Minotaur Fighter began the quest for
                  | the Orb.
     0 | D:1      | Reached XP level 1. HP: 19/19 MP: 0/0
   207 | D:1      | Reached XP level 2. HP: 27/27 MP: 1/1
   294 | D:1      | Reached skill level 4 in Fighting
   839 | D:1      | Reached XP level 3. HP: 31/33 MP: 2/2
  1597 | D:3      | Found a blossoming altar of Fedhas.
  1617 | D:3      | Reached XP level 4. HP: 41/41 MP: 3/3
  2034 | D:3      | Noticed Ijyb
  2035 | D:3      | Noticed Robin
  2041 | D:3      | Killed Ijyb
  2042 | D:3      | Reached skill level 5 in Fighting
  2051 | D:3      | Reached XP level 5. HP: 22/48 MP: 4/4
  2058 | D:3      | Killed Robin
  2984 | D:5      | Entered Level 5 of the Dungeon
  2989 | D:5      | Identified the +4 dagger "Buirchoept" {elec, +Blink rElec
                  | rPois Int-5}
  3096 | D:5      | Reached XP level 6. HP: 57/57 MP: 5/5
  3108 | D:5      | Reached skill level 6 in Fighting
  3223 | D:5      | Reached skill level 5 in Armour
  3253 | D:5      | Reached skill level 5 in Shields
  3432 | D:5      | Noticed Prince Ribbit
  3445 | D:5      | Killed Prince Ribbit
  3446 | D:5      | Reached skill level 7 in Fighting
  3446 | D:5      | Reached XP level 7. HP: 20/66 MP: 6/6
  3688 | D:5      | Reached skill level 5 in Axes
  3759 | D:5      | Found a shimmering blue altar of Sif Muna.
  3874 | D:5      | Found a shimmering altar of Xom.
  3874 | D:5      | Noticed a fire bat
  3880 | D:5      | Killed a fire bat
  3884 | D:5      | Reached skill level 8 in Fighting
  3884 | D:5      | Reached XP level 8. HP: 74/74 MP: 7/7
  4782 | D:6      | Reached skill level 9 in Fighting
  4952 | D:6      | Found a staircase to the Ecumenical Temple.
  4966 | Temple   | Entered the Ecumenical Temple
  5463 | D:7      | Noticed Jeremiah
  5600 | D:7      | Reached XP level 9. HP: 59/82 MP: 8/8
  5758 | D:7      | Reached skill level 10 in Fighting
  6177 | D:7      | Killed Jeremiah
  6606 | D:7      | Reached skill level 11 in Fighting
  7847 | D:8      | Found an ornate altar of the Wu Jian Council.
  7912 | D:9      | Reached XP level 10. HP: 84/96 MP: 9/9
  7974 | D:9      | Found a glowing silver altar of Zin.
  8578 | D:9      | Reached skill level 12 in Fighting
  9214 | D:10     | Entered Level 10 of the Dungeon
  9530 | D:10     | Found a white marble altar of Elyvilon.
  9753 | D:10     | Reached skill level 13 in Fighting
 10186 | D:10     | Noticed a two-headed ogre
 10194 | D:10     | Killed a two-headed ogre
 10195 | D:10     | Reached XP level 11. HP: 68/107 MP: 10/10
 10469 | D:10     | Found a sacrificial altar of Ru.
 10646 | D:10     | Found a snail-covered altar of Cheibriados.
 10646 | D:10     | Found an iron altar of Okawaru.
 10672 | D:10     | Became a worshipper of Warmaster Okawaru
 11004 | D:10     | Reached skill level 10 in Armour
 11004 | D:10     | Reached skill level 10 in Shields
 11013 | D:11     | Found a staircase to the Lair.
 11252 | D:11     | Reached skill level 1 in Invocations
 11270 | D:11     | Found Ixaeg's Armour Shop.
 11270 | D:11     | Found Ejuituett's Antique Armour Shop.
 11272 | D:11     | Found Losavyrph's Antique Weapon Shop.
 11287 | D:11     | Noticed a skeletal warrior
 11362 | D:11     | Reached * piety under Okawaru
 11804 | D:11     | HP: 5/108 [troll (8)]
 11804 | D:11     | Slain by a troll

Illustrated notes

Levels and vault maps discovered:
D:1:      dpeg_arrival_concentric_ovals, layout_loops_corners
D:2:      layout_loops_ring, item_on_display_a
D:3:      layout_loops_ring, fedhas_altar_fruit_tree, nicolae_goblin_pals
D:4:      layout_basic, minmay_cut_off, uniq_robin
D:5:      layout_loops_ring, lemuel_blue_sif_altar, regret_index_xom_of_box,
          uniq_prince_ribbit1
D:6:      layout_loops_cross, minmay_temple_entry_butterflies,
          roderic_serpentine_path
D:7:      layout_rooms, small_statue_alley_b, uniq_jeremiah
D:8:      layout_rooms, nicolae_wu_jian_wuxing_cycle, serial_curves,
          eino_curves_02, eino_curves_04
D:9:      layout_stronghold, nicolae_overflow_crystal_walls
D:10:     nicolae_cairo_tiling_large, layout_loops_ring,
          nicolae_ru_the_path_less_chosen, nicolae_overflow_two_pavilions,
          lemuel_doored_altar, hangedman_decor_points
D:11:     layout_roguey [special_room_kobold], due_lair_maze_entry_diamond,
          hiddenorc1_lemuel, serial_demonic, serial_demonic_a, serial_demonic_e,
          serial_demonic_d, serial_demonic_g, serial_demonic_e,
          serial_demonic_g, nicolae_shop_distant_corner_stores,
          chequers_arboretum
Temple:   oiseaux_autumnal_temple

Skill      XL: |  1  2  3  4  5  6  7  8  9 10 11 |
---------------+----------------------------------+-----
Fighting       | 4 5 7 8 9 11 13 | 13.9
Armour         | 4 5 6 7 8 9 10 | 10.3
Shields        | 4 5 6 7 8 9 10 | 10.2
Axes           | 3 4 5 6 8 9 |  9.9
Invocations    | 1 |  1.8

Action                     |  1- 3 |  4- 6 |  7- 9 | 10-12 || total
---------------------------+-------+-------+-------+-------++-------
  Melee: War axe           |    72 |   138 |   171 |       ||   381
         Headbutt          |     7 |    17 |    46 |    46 ||   116
         Trident           |       |       |    83 |   292 ||   375
  Throw: Boomerang         |       |       |     1 |       ||     1
         Dart              |       |       |       |     2 ||     2
         Throwing net      |       |       |       |     1 ||     1
 Invoke: Heroism           |       |       |       |     1 ||     1
  Evoke: Wand              |       |     3 |    13 |     1 ||    17
    Use: Potion            |       |       |     1 |       ||     1
   Stab: Paralysed         |       |     3 |     5 |       ||     8
 Armour: Scale mail        |    36 |    93 |   254 |       ||   383
         Steam dragon scal |       |       |    22 |   194 ||   216
  Dodge: Dodged            |    42 |    60 |   169 |   123 ||   394
         Repelled          |       |     1 |       |     3 ||     4
  Block: Buckler           |    23 |    21 |    85 |    81 ||   210

Table legend: (Time is in decaauts)
 A = Elapsed time spent in this place.
 B = Non-inter-level travel time spent in this place.
 C = Inter-level travel time spent in this place.
 D = Time resting spent in this place.
 E = Time spent auto-exploring this place.
 F = Levels seen in this place.
 G = Mean time per level.
                   A        B        C        D        E       F      G
               +--------+--------+--------+--------+--------+-----+--------+
         Total |  11938 |  11452 |    486 |   1404 |   8244 |  12 |  994.8 |
       Dungeon |  11936 |  11450 |    486 |   1404 |   8244 |  11 | 1085.1 |
        Temple |      1 |      1 |      0 |      0 |      0 |   1 |    1.0 |
               +--------+--------+--------+--------+--------+-----+--------+

Top non-repeatable levels by time:
    D:10: 2254 daAuts
     D:6: 1603 daAuts
     D:7: 1385 daAuts
     D:9: 1321 daAuts
     D:5: 1177 daAuts
     D:3: 1004 daAuts
     D:1: 879 daAuts
     D:8: 812 daAuts
     D:2: 647 daAuts
     D:4: 508 daAuts
    D:11: 342 daAuts
  Temple: 1 daAuts
